 Dungeon Crawl Stone Soup version 0.24.0-123-gd5b16e6ec5 (webtiles) character file.

Game seed: 4696664755281167505, levelgen mode: deterministic

27137 meblo the Dancer (level 13, -11/111 HPs)
             Began as a Hill Orc Fighter on Dec 19, 2019.
             Was an Initiate of Uskayaw.
             Killed from afar by a bog body (34 damage)
             ... with a bolt of cold
             ... on level 3 of the Lair of Beasts.
             The game lasted 00:55:57 (15752 turns).

meblo the Dancer (Hill Orc Fighter)                Turns: 15752, Time: 00:55:58

Health: -11/111    AC: 14    Str: 18    XL:     13   Next: 30%
Magic:  20/22      EV: 11    Int: 14    God:    Uskayaw [......]
Gold:   906        SH: 11    Dex: 13    Spells: 12/12 levels left

rFire    + . .     SeeInvis .   x - +3 flail
rCold    . . .     Gourm    .   c - +0 shield
rNeg     + . .     Faith    .   b - +0 scale mail
rPois    +         Spirit   .   (no helmet)
rElec    .         Reflect  .   F - +0 cloak
rCorr    .         Harm     .   I - +0 pair of gloves
MR       .....                  h - +1 pair of boots
Stlth    +.........             (no amulet)
HPRegen  0.28/turn              T - ring of Salvation {rF+ rN+ Str-5 Int+4} (curse)
MPRegen  0.18/turn              w - ring of poison resistance

@: about to teleport, studying Unarmed Combat
A: talons 1, agile 1, clever 1, shaggy fur 1
a: Renounce Religion


You were on level 3 of the Lair of Beasts.
You worshipped Uskayaw.
Uskayaw was pleased with you.
You were not hungry.

You visited 3 branches of the dungeon, and saw 18 of its levels.

You collected 906 gold pieces.

Inventory:

Hand Weapons
 j - a +2 hunting sling of flaming
 x - a +3 flail (weapon)
 G - a +2 flail of holy wrath
 M - a +4 double sword of electrocution
Armour
 b - a +0 scale mail (worn)
 c - a +0 shield (worn)
 h - a +1 pair of boots (worn)
 A - a +0 ring mail of magic resistance
 F - a +0 cloak (worn)
 I - a +0 pair of gloves (worn)
Jewellery
 o - an uncursed ring of protection from magic
 w - a ring of poison resistance (right hand)
 N - an uncursed ring of see invisible
 Q - an uncursed ring of magical power
 T - the cursed ring of Salvation (left hand) {rF+ rN+ Str-5 Int+4}
   (You found it on level 4 of the Lair of Beasts)

   [ring of strength]

   It affects your strength (-5).
   It affects your intelligence (+4).
   It protects you from fire.
   It protects you from negative energy.
   It has a curse placed upon it.
 U - a +2 ring of strength {unknown}
Wands
 n - a wand of polymorph (8)
 p - a wand of iceblast (23)
 z - a wand of random effects (11)
 H - a wand of digging (7)
 S - a wand of paralysis (4)
Scrolls
 a - 5 scrolls of remove curse
 g - 2 scrolls of blinking {unknown}
 i - 5 scrolls of amnesia
 k - a scroll of torment {unknown}
 l - 4 scrolls of magic mapping
 q - 3 scrolls of teleportation
 r - 6 scrolls of enchant armour
 s - a scroll of fog
 y - a scroll of immolation {unknown}
 E - 15 scrolls of identify
 R - a scroll of enchant weapon {unknown}
Potions
 d - 7 potions of might
 e - 4 potions of brilliance
 m - 3 potions of curing
 t - a potion of degeneration {unknown}
 v - 3 potions of lignification
 B - a potion of magic
 D - 2 potions of heal wounds {unknown}
 J - 3 potions of flight {unknown}
 K - a potion of mutation
 L - a potion of haste {unknown}
 O - a potion of agility {unknown}
Books
 C - a manual of Unarmed Combat
Comestibles
 f - 17 rations


   Skills:
 + Level 9.1 Fighting
 + Level 4.7 Long Blades
 + Level 12.0 Maces & Flails
 + Level 5.4 Throwing
 + Level 9.4 Armour
 + Level 4.2 Dodging
 + Level 3.5 Stealth
 + Level 9.5 Shields
 + Level 0.1 Unarmed Combat
 * Level 12.5 Invocations
 - Level 1.4 Evocations


You had 12 spell levels left.
You didn't know any spells.
Your spell library contained the following spells:

 Spells                   Type           Power        Failure   Level  Hunger
 Animate Skeleton         Necr           N/A          83%         1    ##.....
 Apportation              Tloc           #.....       83%         1    ##.....
 Beastly Appendage        Tmut           #.....       83%         1    ##.....
 Confusing Touch          Hex            #.....       83%         1    ##.....
 Corona                   Hex            #......      83%         1    ##.....
 Sandblast                Erth           #.....       83%         1    ##.....
 Summon Small Mammal      Summ           #...         83%         1    ##.....
 Ensorcelled Hibernation  Hex/Ice        #.....       93%         2    ###....
 Passwall                 Tmut/Erth      #.......     93%         2    ###....
 Sticks to Snakes         Tmut           #.......     93%         2    ###....
 Confuse                  Hex            #.......     99%         3    ####...
 Dazzling Spray           Conj/Hex       #.....       99%         3    ####...
 Spider Form              Tmut/Pois      #.........   99%         3    ####...
 Static Discharge         Conj/Air       #.......     99%         3    ####...
 Stone Arrow              Conj/Erth      #.....       99%         3    ####...
 Tukima's Dance           Hex            #.......     99%         3    ####...
 Ice Form                 Ice/Tmut       #.......     100%        4    #####..
 Petrify                  Tmut/Erth      #.......     100%        4    #####..
 Blade Hands              Tmut           #.........   100%        5    ######.
 Lee's Rapid Deconstruct  Erth           #.........   100%        5    ######.
 Lightning Bolt           Conj/Air       #.........   100%        5    ######.
 Ignition                 Fire           #.........   100%        8    #######
 Shatter                  Erth           #.........   100%        9    #######
 Tornado                  Air            #.........   100%        9    #######


Dungeon Overview and Level Annotations

Branches:
Dungeon (11/15)            Temple (1/1) D:6            Lair (6/6) D:10
  Swamp (0/4) Lair:3        Snake (0/4) Lair:2
  Slime: Lair:5-6       Orc: D:9-12

Altars:
Ashenzari
Cheibriados
Dithmenos
Elyvilon
Gozag
Hepliaklqana
Kikubaaqudgha
Makhleb
Nemelex Xobeh
Okawaru
Qazlal
Ru
Sif Muna
Trog
Uskayaw
Wu Jian
Xom
Yredelemnul
Zin
The Shining One
Jiyva

Shops:
D:4 }   D:6 [

Annotations:
Lair:2 1 runed translucent door, lepoulpe303's ghost, journeyman SpEn


Innate Abilities, Weirdness & Mutations

You have sharp toenails.
You are agile. (Dex +2)
Your mind is acute. (Int +2)
You are covered in fur. (AC +1)


Message History

You block the swamp worm's attack.
The bog body hits you but does no damage.
The bog body touches you but does no damage.
The swamp worm bites you.
Unknown command.
You block the swamp worm's attack. The bog body misses you.
You block the bog body's attack. You block the swamp worm's attack.
The swamp worm throws harpoon shot at you.
The harpoon shot misses you.
The bog body points at you and mumbles some strange words.
The bolt of cold hits you!!
* * * LOW HITPOINT WARNING * * *
Unknown command.
As you read the scroll of teleportation, it crumbles to dust.
You feel strangely unstable.
The swamp worm bites you but does no damage.
The bog body gestures at you while chanting.
The bolt of cold hits you!!
You die...

....>.....##......##............#
..........#........#.....#.....##
.....#...................##.....#
.....#............#......#♣....##
......##.#.[....♣♣♣♣♣♣♣♣♣#♣.....#
.....P#....♣♣♣♣♣♣♣♣♣♣♣♣ ♣♣♣♣...P#
.........♣♣♣≈≈≈≈≈≈n≈≈≈♣§§§§♣♣.P..
.>......⌠.....♣.♣.♣.♣.§§§>≈ ♣....
........⌠...♣...@ww.....§§≈ ♣....
.........♣♣♣≈≈≈°w≈≈≈≈≈♣♣;§≈♣♣....
...........♣♣♣♣♣♣♣♣♣♣♣♣ ♣♣.#.##
PP...###........♣♣ ♣..####
#....###..###....#####♣####..P##P
......##...##.............#......
.....##....##...#........#.......
.....###.>###....+.......++..#.#.
##...# #.#.#....#........#....###


You could see a bog body and 3 swamp worms.

Vanquished Creatures
  2 hydras
  A two-headed ogre (D:10)
  2 death yaks (Lair:4)
  A moth of wrath (D:10)
  2 black mambas (Lair:4)
  A torpor snail (Lair:4)
  4 elephants (Lair:2)
  4 spiny frogs
  4 komodo dragons
  A tengu conjurer (D:9)
  A troll (D:10)
  Grinder (D:5)
  17 blink frogs
  Prince Ribbit (D:6)
  3 hippogriffs
  Eustachio (D:4)
  A human (D:8)
  A wyvern (Lair:5)
  18 yaks
  3 hungry ghosts
  A steam dragon (Lair:5)
  3 wargs (D:10)
  A soldier ant (Lair:4)
  2 swamp worms (Lair:3)
  15 water moccasins
  8 porcupines
  3 ice beasts
  A black bear (D:10)
  4 sky beasts
  An eye of draining (D:10)
  A phantom (D:4)
  5 orc warriors
  4 ogres
  24 wolves
  3 centaurs
  12 crocodiles
  A big kobold (D:8)
  11 bullfrogs
  A wyvern skeleton (D:10)
  11 killer bees
  4 scorpions
  A wight (D:8)
  A howler monkey (D:10)
  4 crimson imps
  Crazy Yiuf (D:5)
  A bullfrog skeleton (D:5)
  A centaur skeleton (D:9)
  4 hounds
  A jelly (D:7)
  A centaur zombie (D:6)
  7 orc priests
  13 orc wizards
  Jessica (D:3)
  Ijyb (D:5)
  An iguana (D:6)
  17 worker ants
  Terence (D:3)
  A hound skeleton (D:5)
  15 adders
  A shadow imp (D:10)
  2 worms (D:2)
  2 dart slugs
  9 leopard geckos
  51 orcs
  2 giant cockroaches
  10 goblins
  7 hobgoblins
  7 jackals
  4 quokkas
  3 ball pythons
  10 bats
  6 frilled lizards
  A giant cockroach zombie (D:5)
  15 kobolds
  5 rats
  A fungus (Lair:2)
393 creatures vanquished.

Vanquished Creatures (others)
  8 fungi
  11 plants
19 creatures vanquished.

Grand Total: 412 creatures vanquished

Notes
Turn   | Place    | Note
-------+----------+-------------------------------------------
     0 | D:1      | meblo the Hill Orc Fighter began the quest for the Orb.
     0 | D:1      | Reached XP level 1. HP: 19/19 MP: 1/1
   181 | D:1      | Reached XP level 2. HP: 26/27 MP: 2/2
   453 | D:1      | Reached XP level 3. HP: 18/33 MP: 3/3
  1017 | D:2      | Found a hide-covered altar of Uskayaw.
  1020 | D:2      | Became a worshipper of Uskayaw the Reveler
  1122 | D:2      | Reached * piety under Uskayaw
  1129 | D:2      | Reached XP level 4. HP: 36/40 MP: 4/4
  1187 | D:2      | Reached ** piety under Uskayaw
  1285 | D:2      | Found a basalt altar of Yredelemnul.
  1531 | D:3      | Reached XP level 5. HP: 33/46 MP: 1/5
  1536 | D:3      | Reached *** piety under Uskayaw
  1572 | D:3      | Noticed Terence
  1587 | D:3      | Killed Terence
  1698 | D:3      | Found a glowing silver altar of Zin.
  1707 | D:3      | Found an ornate altar of the Wu Jian Council.
  1707 | D:3      | Found a hazy altar of Hepliaklqana.
  1710 | D:3      | Found a shattered altar of Ashenzari.
  1711 | D:3      | Noticed Jessica
  1717 | D:3      | Killed Jessica
  1832 | D:3      | Found a shadowy altar of Dithmenos.
  2065 | D:4      | Reached skill level 1 in Invocations
  2086 | D:4      | Noticed a phantom
  2088 | D:4      | Reached XP level 6. HP: 51/53 MP: 5/7
  2104 | D:4      | Killed a phantom
  2153 | D:4      | Reached skill level 1 in Dodging
  2246 | D:4      | Found a snail-covered altar of Cheibriados.
  2304 | D:4      | Noticed Eustachio
  2321 | D:4      | Killed Eustachio
  2321 | D:4      | Reached skill level 5 in Maces & Flails
  2321 | D:4      | Reached skill level 1 in Throwing
  2321 | D:4      | Reached XP level 7. HP: 34/60 MP: 2/9
  2327 | D:4      | Found Gyalink's Gadget Boutique.
  2530 | D:5      | Entered Level 5 of the Dungeon
  2612 | D:5      | Noticed Ijyb
  2623 | D:5      | Killed Ijyb
  2642 | D:5      | Found a shimmering blue altar of Sif Muna.
  2766 | D:5      | Reached XP level 8. HP: 45/67 MP: 11/11
  2887 | D:5      | Reached skill level 5 in Shields
  2887 | D:5      | Reached skill level 5 in Invocations
  2928 | D:5      | Noticed Grinder
  2932 | D:5      | Paralysed by Grinder for 2 turns
  2935 | D:5      | Killed Grinder
  2935 | D:5      | Reached skill level 5 in Fighting
  2935 | D:5      | Reached skill level 5 in Armour
  3113 | D:5      | Found a runed translucent door.
  3165 | D:5      | Noticed Crazy Yiuf
  3179 | D:5      | Killed Crazy Yiuf
  3429 | D:6      | Found a burning altar of Makhleb.
  3463 | D:6      | Found a staircase to the Ecumenical Temple.
  3515 | Temple   | Entered the Ecumenical Temple
  3667 | D:6      | Noticed Prince Ribbit
  3676 | D:6      | Killed Prince Ribbit
  3688 | D:6      | Reached XP level 9. HP: 73/74 MP: 13/13
  3702 | D:6      | Found Eboirr's Antique Armour Shoppe.
  3705 | D:6      | Gained mutation: You are covered in fur. (AC +1) [potion of
                  | mutation]
  3705 | D:6      | Gained mutation: Your mind is acute. (Int +2) [potion of
                  | mutation]
  3705 | D:6      | Gained mutation: You have sharp toenails. [potion of
                  | mutation]
  3705 | D:6      | Gained mutation: You are agile. (Dex +2) [potion of
                  | mutation]
  3770 | D:6      | Reached skill level 1 in Stealth
  4196 | D:7      | Found an iron altar of Okawaru.
  4813 | D:8      | Found a glowing golden altar of the Shining One.
  5392 | D:8      | Found a sparkling altar of Nemelex Xobeh.
  6229 | D:9      | Reached XP level 10. HP: 83/83 MP: 15/15
  6943 | D:10     | Entered Level 10 of the Dungeon
  7069 | D:10     | Found a hazy altar of Hepliaklqana.
  7301 | D:10     | Reached **** piety under Uskayaw
  7336 | D:10     | Reached skill level 10 in Maces & Flails
  7475 | D:10     | Found a staircase to the Lair.
  7774 | D:10     | Noticed a two-headed ogre
  7799 | D:10     | Killed a two-headed ogre
  7799 | D:10     | Reached XP level 11. HP: 31/92 MP: 7/18
  8132 | D:10     | Noticed Urug
  8361 | D:10     | Noticed Urug
  8361 | D:10     | Urug changed into Urug the moth of wrath
  8368 | D:10     | Killed Urug the moth of wrath
  8487 | D:11     | Noticed a manticore
  8488 | D:11     | Noticed a green ugly thing
  8824 | Lair:1   | Entered Level 1 of the Lair of Beasts
  8826 | Lair:1   | Reached skill level 1 in Long Blades
  8860 | Lair:1   | Noticed a four-headed hydra
  8871 | Lair:1   | Killed a four-headed hydra
  9187 | Lair:1   | Reached skill level 10 in Invocations
  9213 | Lair:1   | Reached ***** piety under Uskayaw
 10668 | Lair:2   | Reached XP level 12. HP: 82/101 MP: 12/19
 10766 | Lair:2   | Noticed a five-headed hydra
 10864 | Lair:2   | Found a staircase to the Snake Pit.
 11425 | Lair:2   | Reached skill level 1 in Evocations
 11554 | Lair:2   | Found a runed translucent door.
 11554 | Lair:2   | Noticed lepoulpe303's ghost (journeyman SpEn)
 11555 | Lair:2   | Identified the +7 spear "Liel" {flame, rPois rF- Str+2}
 11555 | Lair:2   | Noticed a spriggan rider
 11654 | Lair:2   | Killed a five-headed hydra
 12036 | Lair:2   | Reached skill level 5 in Throwing
 12086 | Lair:3   | You fall into a shaft and drop 3 floors!
 12086 | Lair:6   | Entered Level 6 of the Lair of Beasts
 12217 | Lair:4   | HP: 2/103 [hippogriff (5)]
 12764 | Lair:4   | Noticed a death yak
 12765 | Lair:4   | Noticed a death yak
 13153 | Lair:4   | Got a scintillating turquoise ring
 13160 | Lair:4   | Identified the cursed ring of Salvation {rF+ rN+ Str-5
                  | Int+4} (You found it on level 4 of the Lair of Beasts)
 13866 | Lair:4   | Killed a death yak
 14244 | Lair:4   | Reached XP level 13. HP: 101/110 MP: 21/21
 14320 | Lair:4   | Noticed an entropy weaver
 14320 | Lair:4   | Noticed an entropy weaver
 15739 | Lair:3   | Found a staircase to the Swamp.
 15752 | Lair:3   | Killed from afar by a bog body

Levels and vault maps discovered:
D:1:      eino_arrival_water_star, layout_basic
D:2:      layout_loops_ring, yredelemnul_altar_generic, lemuel_doored_altar,
          minmay_hexomino_p4
D:3:      layout_rooms, grunt_dithmenos_smoke,
          chequers_temple_overflow_statue_of_worship, minmay_box_of_dots,
          uniq_terence, uniq_jessica
D:4:      layout_rooms, kennysheep_slug_shrine, first_ration, serial_shops,
          nicolae_shop_temple_entry_statues_fountains, uniq_eustachio
D:5:      layout_loops_ring, lemuel_coloured_pillars_altar,
          uniq_crazy_yiuf_cottage, uniq_grinder, uniq_ijyb
D:6:      layout_rooms, minmay_temple_entry_arrows, basic_altar, serial_shops,
          nicolae_shop_behind_doors, minmay_misc_feat_nine_boxes,
          uniq_prince_ribbit1
D:7:      layout_basic, okawaru_ov_weapons_minmay
D:8:      layout_layer_cave, nemelex_xobeh_ov_fountains_minmay, basic_altar,
          grunt_pizzeria, minmay_quadrilaterals
D:9:      layout_gridville
D:10:     layout_basic, erik_lair_orcish_takeover, basic_altar, uniq_urug
D:11:     layout_basic, david_orc_5
Temple:   pf_slime_end_temple
Lair:1:   layout_loops_ring, beast_lair_carwin_5, infiniplex_staircase_pool_2
Lair:2:   beast_lair_carwin_large_2, layout_regular_city,
          minmay_snake_entry_six_corridors, ebering_ghost_funeral_grove
Lair:3:   layout_regular_city, nicolae_swamp_entry_splash_gauntlet
Lair:4:   layout_regular_city, chequers_serial_rivers_small_b,
          minmay_another_anthill
Lair:5:   layout_regular_city, slime_altar_1, minmay_hedge_maze,
          serial_bayou_shore_b
Lair:6:   minmay_lair_end_frog_pond, layout_long_grid, columned_hall_lemuel,
          st_stairs_12, lemuel_fruit_tree

Skill      XL: |  1  2  3  4  5  6  7  8  9 10 11 12 13 |
---------------+----------------------------------------+-----
Fighting       | 4 5 6 7 8 9 |  9.1
Maces & Flails | 3 4 5 7 8 10 11 12 | 12.0
Shields        | 4 5 6 7 9 |  9.5
Armour         | 4 5 6 7 8 9 |  9.4
Invocations    | 1 3 4 6 7 9 10 11 12 | 12.5
Dodging        | 1 2 3 4 |  4.2
Throwing       | 1 2 3 4 5 |  5.4
Stealth        | 1 2 3 |  3.5
Long Blades    | 3 4 |  4.7
Evocations     | 1 |  1.4
Unarmed Combat | |  0.1

Action                   |  1- 3 |  4- 6 |  7- 9 | 10-12 | 13-15 || total
-------------------------+-------+-------+-------+-------+-------++-------
Melee: Flail             |   164 |   170 |   301 |   598 |   178 ||  1411
       Unarmed           |       |       |     8 |       |       ||     8
       Double sword      |       |       |       |    72 |       ||    72
Throw: Boomerang         |       |    19 |    47 |   113 |       ||   179
Invok: Stomp             |       |     9 |    18 |    68 |     9 ||   104
       Line Pass         |       |       |     2 |    11 |     1 ||    14
       Grand Finale      |       |       |       |       |     1 ||     1
Evoke: Wand              |       |       |     1 |    14 |       ||    15
  Use: Scroll            |       |       |    12 |     1 |     1 ||    14
       Potion            |       |       |     1 |       |     1 ||     2
 Stab: Paralysed         |       |     2 |       |    14 |     7 ||    23
       Confused          |       |       |     1 |     2 |     1 ||     4
  Eat: Chunk             |     1 |     5 |    21 |    31 |     7 ||    65
       Ration            |       |       |       |     3 |       ||     3
Armor: Scale mail        |    99 |    74 |    94 |   272 |    65 ||   604
       Ring mail         |       |     6 |    23 |       |       ||    29
Dodge: Dodged            |    65 |    59 |    84 |   288 |    80 ||   576
Block: Shield            |   108 |   119 |   130 |   487 |   120 ||   964
       Rpst.: Double sword |       |       |       |    15 |       ||    15
